 Dungeon Crawl Stone Soup version 0.30.0-18-gc0e69614cb (webtiles) character file.

Game seed: 2599583456674833958

24 Josd the Grasshopper (level 2, -2/24 HPs)
             Began as a Draconian Warper on May 24, 2023.
             Was an Initiate of Okawaru.
             Slain by Jessica
             ... wielding a +0 club
              (5 damage)
             ... on level 2 of the Dungeon.
             The game lasted 00:08:02 (1022 turns).

Josd the Grasshopper (Draconian Warper)             Turns: 1022, Time: 00:08:02

Health: -2/24      AC:  4    Str: 13    XL:     2   Next: 79%
Magic:  3/5        EV: 12    Int: 13    God:    Okawaru [......]
Gold:   62         SH:  0    Dex: 10    Spells: 3/5 levels left

rFire   . . .        a - +0 spear
rCold   . . .        (no shield)
rNeg    . . .        (body armour unavailable)
rPois   .            (helmet restricted)
rElec   .            (no cloak)
rCorr   .            (no gloves)
SInv    .            (no boots)
Will    .....        (no amulet)
Stlth   +            (no ring)
HPRegen 0.24/turn    (no ring)
MPRegen 0.09/turn

%: no passive effects
@: no status effects
A: AC +4, unfitting armour, cold-blooded
a: Renounce Religion


You were on level 2 of the Dungeon.
You worshipped Okawaru.
Okawaru was noncommittal.
You visited 1 branch of the dungeon, and saw 2 of its levels.

You collected 62 gold pieces.

Inventory:

Hand Weapons
 a - a +0 spear (weapon)
Missiles
 c - 7 boomerangs of dispersal (quivered)
Jewellery
 i - a ring of flight
Scrolls
 b - a scroll of blinking
 d - a scroll of poison {unknown}
 e - a scroll of magic mapping {unknown}
 f - a scroll of teleportation {unknown}
 h - a scroll of identify {unknown}
 j - a scroll of fog {unknown}
Potions
 g - a potion of heal wounds {unknown}


   Skills:
 + Level 2.2 Fighting
 + Level 2.3 Polearms
 + Level 0.8 Throwing
 + Level 2.3 Dodging
 + Level 0.2 Stealth
 + Level 2.4 Spellcasting
 + Level 3.2 Translocations


You had 3 spell levels left.
You knew the following spells:

 Your Spells              Type           Power      Damage    Failure   Level
a - Blink                 Tloc           20%        N/A       10%         2

Your spell library contained the following spells:

 Spells                   Type           Power      Damage    Failure   Level
 Lesser Beckoning         Tloc           20%        N/A       10%         2
 Teleport Other           Tloc           10%        N/A       19%         3
 Vhi's Electric Charge    Tloc/Air       10%        N/A       36%         3
 Manifold Assault         Tloc           10%        N/A       54%         4


Dungeon Overview and Level Annotations

Branches:
Dungeon (2/15)

Altars:
Okawaru

Annotations:
D:2 Jessica


Innate Abilities, Weirdness & Mutations

Your plain brown scales are hard. (AC +4)
You cannot fit into any form of body armour.
You are cold-blooded and may be slowed by cold attacks.


Message History

You hit the jackal.
You kill the jackal!
Okawaru accepts your kill. The jackal barely misses you.
You miss the jackal. The jackal barely misses you.
Jessica casts a spell.
Jessica blinks!
You hit the jackal.
You tail-slap the jackal, but do no damage.
The jackal is severely wounded.
The jackal bites you.
You barely miss the jackal. You tail-slap the jackal.
You kill the jackal!
Okawaru accepts your kill.
You hit the jackal but do no damage. The jackal closely misses you.
You hit the jackal.
Your tail-slap misses the jackal.
The jackal is almost dead.
The jackal barely misses you. Jessica hits you but does no damage.
The jackal bites you but does no damage.
You hit the jackal.
You kill the jackal!
Okawaru accepts your kill. Jessica casts a spell at you.
Pain shoots through your body!
Ouch! That really hurt!
* * * LOW HITPOINT WARNING * * *
Casting: Blink (safe; 10% risk of failure)
Confirm with . or Enter, or press ? or * to list all spells.
You blink.
Found a stone staircase leading up.
Casting: Blink (safe; 10% risk of failure)
Confirm with . or Enter, or press ? or * to list all spells.
You are still too unstable to blink.
Jessica mumbles something strange.
Jessica hits you with a +0 club.
* * * LOW HITPOINT WARNING * * *
Jessica casts a spell.
Jessica seems to speed up.
You feel stable enough to blink again. Jessica attacks as you move away!
Jessica hits you with a +0 club.
You die...

######...##.....(
...............#.
###......<†......
........####.#.#.
###.##..# #
#..#### #...w.#
####.###.##.##.
#.....@@<......
#.##.###.......
#. #.# ###.##. #.
#.# # #. #.. #.
### #. #.


You could see Jessica (fast).

Vanquished Creatures
  A worm (D:2)
  A dart slug (D:1)
  2 endoplasms (D:1)
  A giant cockroach (D:1)
  2 hobgoblins (D:1)
  4 jackals (D:2)
  A quokka (D:1)
  A frilled lizard (D:2)
  4 kobolds (D:1)
17 creatures vanquished.

Notes
Turn   | Place    | Note
-------+----------+-------------------------------------------
     0 | D:1      | Josd the Draconian Warper began the quest for the Orb.
     0 | D:1      | Reached XP level 1. HP: 17/17 MP: 3/3
   356 | D:1      | Found a faded altar of an unknown god.
   391 | D:1      | Prayed at the altar of an unknown god.
   391 | D:1      | Became a worshipper of Warmaster Okawaru
   391 | D:1      | Reached * piety under Okawaru
   492 | D:1      | Reached XP level 2. HP: 24/24 MP: 5/5
   803 | D:1      | Learned a level 2 spell: Blink
   991 | D:2      | Noticed Jessica
  1022 | D:2      | Slain by Jessica

Illustrated notes

Levels and vault maps discovered:
D:1:      elethiomel_arrival_fortress_basement, layout_basic,
          hellmonk_ecumenical_altar_run_dry
D:2:      layout_loops_ring, minmay_door_square, lightli_corner_chamber,
          uniq_jessica

Action                     || total
---------------------------++-------
  Melee: Spear             ||    74
         Tailslap          ||    10
         Punch             ||     1
   Cast: Blink             ||     2
 Invoke: Heroism           ||     2
 Armour: Skin              ||    14
  Dodge: Dodged            ||    35
